[Event "International chess holiday K11"]
[Site "?"]
[Date "2017.07.19"]
[Round "6"]
[White "Hibberd, Nigel"]
[Black "Vesely, Jaromir"]
[Result "0-1"]
[ECO "A07"]
[WhiteElo "1866"]
[BlackElo "2059"]
[Annotator "Koller,Martin"]
[PlyCount "62"]
[TimeControl "240+2"]

{279MB} 1. Nf3 d5 2. g3 Bg4 3. Ne5 Bh5 4. d4 Nd7 5. Nd3 e6 6. Bg2 f5 7. Nf4 Bf7
8. c4 c6 9. b3 Ngf6 10. O-O Bd6 11. Nc3 O-O 12. e3 g5 13. Nd3 Bh5 14. Qc2 Qe7
15. f4 Ne4 16. c5 Bc7 17. Bb2 Ndf6 18. b4 Qg7 19. a4 Qh6 20. Rae1 Ng4 21. Nxe4
dxe4 22. Ne5 Bxe5 23. dxe5 gxf4 24. exf4 Nxh2 25. Rf2 Bf3 26. Bd4 Rad8 27. Rd2
Ng4 28. Qc3 Qh2+ 29. Kf1 Qxg3 30. Bxf3 exf3 31. Bg1 Qh3+ 0-1

[Event "International chess holiday K11"]
[Site "?"]
[Date "2017.07.19"]
[Round "6"]
[White "Riedl, Maximilian"]
[Black "Pokorny, Jan"]
[Result "1/2-1/2"]
[ECO "B51"]
[WhiteElo "1988"]
[BlackElo "1835"]
[Annotator "Koller,Martin"]
[PlyCount "74"]
[TimeControl "240+2"]

{279MB} 1. e4 c5 2. Nf3 Nc6 3. Bb5 d6 4. c3 Bd7 5. O-O a6 6. Bc4 b5 7. Bb3 g6
8. d4 c4 9. Bc2 Bg7 10. b3 e6 11. bxc4 bxc4 12. Qe2 Na5 13. Ba3 Bf8 14. Nbd2 d5
15. Bxf8 Kxf8 16. h4 Nf6 17. Ne5 Kg7 18. f4 Rb8 19. Rab1 Qe7 20. Qf2 Rxb1 21.
Bxb1 Rb8 22. Nxd7 Qxd7 23. f5 exf5 24. exf5 Rb6 25. fxg6 fxg6 26. h5 Qe7 27.
hxg6 hxg6 28. Re1 Re6 29. Rxe6 Qxe6 30. Qg3 Ng4 31. Nf1 Nc6 32. Bc2 Ne7 33. Bd1
Nh6 34. Qe3 Qf6 35. Ng3 Nhf5 36. Nxf5+ Nxf5 37. Qf2 Qg5 1/2-1/2

[Event "International chess holiday K11"]
[Site "?"]
[Date "2017.07.19"]
[Round "6"]
[White "Hadzala, Daniel"]
[Black "Klima, Matej"]
[Result "1-0"]
[ECO "A10"]
[WhiteElo "2107"]
[BlackElo "1874"]
[Annotator "Koller,Martin"]
[PlyCount "113"]
[TimeControl "240+2"]

{279MB} 1. Nf3 f5 2. g3 Nf6 3. c4 e6 4. Bg2 Be7 5. O-O O-O 6. Nc3 d6 7. d3 a5
8. a3 e5 9. Rb1 Qe8 10. b4 axb4 11. axb4 Qh5 12. Nd5 Nxd5 13. cxd5 Nd7 14. Qc2
Bd8 15. e4 h6 16. exf5 Qxf5 17. Nd2 Nf6 18. Qc4 Bd7 19. b5 b6 20. Ne4 Qg6 21.
f3 Bc8 22. Be3 Bf5 23. Ra1 Rc8 24. Qc6 Bd7 25. Nxf6+ Bxf6 26. Qxd7 Qxd3 27.
Rae1 Qxd5 28. f4 e4 29. Bf2 Rfe8 30. Bxe4 Qc4 31. Qf5 Kf8 32. Bc6 Red8 33. g4
Qf7 34. Bd5 g6 35. Qxc8 Rxc8 36. Bxf7 Kxf7 37. Rc1 Ke6 38. Bxb6 Rb8 39. Rfe1+
Kd5 40. Red1+ Ke4 41. Bxc7 Rxb5 42. Bxd6 Bd4+ 43. Rxd4+ Kxd4 44. Rc2 Ke3 45.
Kg2 Rd5 46. Be5 g5 47. Kg3 Rd3 48. Rc3 Rxc3 49. Bxc3 gxf4+ 50. Kh4 f3 51. Ba5
Kf2 52. Kh3 Kg1 53. Bb6+ Kh1 54. Kg3 h5 55. g5 h4+ 56. Kxf3 h3 57. g6 1-0

[Event "International chess holiday K11"]
[Site "?"]
[Date "2017.07.19"]
[Round "6"]
[White "Schafer, Martin"]
[Black "Schubert, Gerhard"]
[Result "1-0"]
[ECO "B07"]
[WhiteElo "2001"]
[BlackElo "2011"]
[Annotator "Koller,Martin"]
[PlyCount "57"]
[TimeControl "240+2"]

{279MB} 1. d4 d6 2. e4 Nf6 3. Nc3 c6 4. f4 Qa5 5. e5 Ne4 6. Qf3 d5 7. Bd3 Nxc3
8. Bd2 e6 9. Ne2 c5 10. Bxc3 Qc7 11. dxc5 Bxc5 12. f5 Nc6 13. Bb5 Bd7 14. Qg3
d4 15. Bxc6 Qxc6 16. b4 Bb6 17. Bd2 O-O-O 18. a4 Qe4 19. Bg5 f6 20. exf6 gxf6
21. Bxf6 Rhg8 22. Qf3 Qxf3 23. gxf3 Rdf8 24. a5 Rxf6 25. axb6 axb6 26. Ra8+ Kc7
27. Rxg8 Rxf5 28. O-O Bc6 29. Nxd4 1-0

[Event "International chess holiday K11"]
[Site "?"]
[Date "2017.07.19"]
[Round "6"]
[White "Mejzr, Jan"]
[Black "Rull, Michael"]
[Result "1/2-1/2"]
[ECO "B33"]
[WhiteElo "1901"]
[BlackElo "1805"]
[Annotator "Koller,Martin"]
[PlyCount "118"]
[TimeControl "240+2"]

{279MB} 1. e4 c5 2. Nf3 Nc6 3. d4 cxd4 4. Nxd4 e5 5. Nb5 d6 6. N1c3 a6 7. Na3
b5 8. Nd5 Nf6 9. Bg5 Be7 10. Bxf6 Bxf6 11. c3 Bg5 12. Nc2 O-O 13. g3 f5 14. Bg2
f4 15. Nxf4 exf4 16. Qd5+ Kh8 17. Qxc6 Ra7 18. Rd1 f3 19. Bf1 Qe7 20. Qxd6
Qxe4+ 21. Ne3 Re7 22. Bd3 Qa8 23. O-O Bh3 24. Qc5 h6 25. Rfe1 Rfe8 26. Nc2 Rc8
27. Qb6 Rc6 28. Qd4 Rce6 29. Rxe6 Rxe6 30. Re1 Qe8 31. Rxe6 Qxe6 32. Qe4 Qxe4
33. Bxe4 Be6 34. b3 Bd2 35. Nd4 Bg4 36. Bxf3 Bxc3 37. Ne2 Bxf3 38. Nxc3 Kg8 39.
b4 Kf7 40. Kf1 Ke6 41. Ke1 Ke5 42. Kd2 Kd4 43. a4 Kc4 44. axb5 axb5 45. Kc2
Kxb4 46. Na2+ Kc4 47. Nc3 b4 48. Na4 Be4+ 49. Kd2 Bc6 50. Nb2+ Kb3 51. Kc1 Bb5
52. Nd1 Be2 53. Nb2 Kc3 54. h4 b3 55. Na4+ Kb4 56. Nb2 Ka3 57. Kb1 Bh5 58. Kc1
Bg6 59. Nc4+ Kb4 1/2-1/2

[Event "International chess holiday M11"]
[Site "?"]
[Date "2017.07.20"]
[Round "7"]
[White "Schafer, Sven"]
[Black "Chavannes, Ivar"]
[Result "0-1"]
[ECO "B92"]
[WhiteElo "1996"]
[BlackElo "2139"]
[Annotator "Koller,Martin"]
[PlyCount "64"]
[TimeControl "240+2"]

{279MB} 1. e4 c5 2. Nf3 d6 3. d4 cxd4 4. Nxd4 Nf6 5. Nc3 a6 6. Be2 e5 7. Nb3
Be7 8. O-O O-O 9. Kh1 b5 10. a4 b4 11. Nd5 Nc6 12. Be3 Nxd5 13. Qxd5 Bb7 14. a5
Qc8 15. Qd2 Qe6 16. h3 Qg6 17. Bf3 Rac8 18. Bg4 Qxe4 19. Bxc8 Rxc8 20. Qd3 Qh4
21. Bb6 Nd8 22. c3 Ne6 23. f3 e4 24. Qe3 Bg5 25. Qe1 exf3 26. Rxf3 Bxf3 27.
Qxh4 Bxg2+ 28. Kxg2 Bxh4 29. cxb4 Rc2+ 30. Kf1 Rxb2 31. Ra3 Nf4 32. b5 Rb1+ 0-1

[Event "International chess holiday M11"]
[Site "?"]
[Date "2017.07.20"]
[Round "7"]
[White "Stein, Robert"]
[Black "Chudinovskikh, Alexander"]
[Result "1/2-1/2"]
[ECO "E05"]
[WhiteElo "2203"]
[BlackElo "2238"]
[Annotator "Koller,Martin"]
[PlyCount "22"]
[TimeControl "240+2"]

{279MB} 1. d4 Nf6 2. Nf3 e6 3. c4 d5 4. g3 Be7 5. Bg2 O-O 6. O-O dxc4 7. Qc2 a6
8. Qxc4 b5 9. Qc2 Bb7 10. Bd2 Be4 11. Qb3 c5 1/2-1/2

[Event "International chess holiday M11"]
[Site "?"]
[Date "2017.07.20"]
[Round "7"]
[White "Vetrovsky, Michal"]
[Black "Doring, Robert"]
[Result "1/2-1/2"]
[ECO "A48"]
[WhiteElo "2100"]
[BlackElo "2131"]
[Annotator "Koller,Martin"]
[PlyCount "45"]
[TimeControl "240+2"]

{279MB} 1. d4 Nf6 2. Nf3 g6 3. Bf4 Bg7 4. e3 d6 5. h3 O-O 6. Be2 c5 7. c3 Nc6
8. O-O a6 9. a4 b6 10. Bh2 h6 11. Nbd2 Bb7 12. Re1 Rc8 13. Qb3 Na5 14. Qa2 cxd4
15. exd4 Nd5 16. Rac1 Nc7 17. Red1 Qd7 18. Bd3 Bd5 19. Qa3 f5 20. c4 Bf7 21. d5
Nb7 22. Nb3 a5 23. Nbd4 1/2-1/2

[Event "International chess holiday M11"]
[Site "?"]
[Date "2017.07.20"]
[Round "7"]
[White "Lakovic, Igor"]
[Black "Simecek, Bohumil"]
[Result "1/2-1/2"]
[ECO "D12"]
[WhiteElo "2023"]
[BlackElo "2105"]
[Annotator "Koller,Martin"]
[PlyCount "52"]
[TimeControl "240+2"]

{279MB} 1. d4 d5 2. c4 c6 3. Nf3 Nf6 4. e3 Bf5 5. Nc3 e6 6. Nh4 Bg6 7. Nxg6
hxg6 8. Bd2 Nbd7 9. Qb3 Qb6 10. Be2 Be7 11. Qc2 a6 12. h3 Qc7 13. O-O O-O 14.
a4 Rac8 15. c5 e5 16. b4 Ra8 17. Qb2 Qb8 18. Rfb1 Qc7 19. b5 Rfb8 20. Qc2 Qc8
21. Qd1 e4 22. f3 exf3 23. Bxf3 axb5 24. axb5 Rxa1 25. Rxa1 Ra8 26. Qb1 Nf8
1/2-1/2

[Event "International chess holiday K11"]
[Site "?"]
[Date "2017.07.20"]
[Round "7"]
[White "Vesely, Jaromir"]
[Black "Hadzala, Daniel"]
[Result "0-1"]
[ECO "A55"]
[WhiteElo "2059"]
[BlackElo "2107"]
[Annotator "Koller,Martin"]
[PlyCount "100"]
[TimeControl "240+2"]

{279MB} 1. d4 Nf6 2. c4 d6 3. Nf3 Nbd7 4. Nc3 e5 5. e4 Be7 6. g3 c6 7. Bg2 O-O
8. O-O Qc7 9. b3 Re8 10. Bb2 Bf8 11. Re1 exd4 12. Nxd4 a5 13. a3 Ne5 14. h3 h5
15. Qd2 Bd7 16. Rad1 Rad8 17. Qg5 Qb6 18. Na4 Qc7 19. f4 Ng6 20. Nf5 b5 21.
cxb5 cxb5 22. Rc1 Qb8 23. Nc3 Qb6+ 24. Kh2 h4 25. Nxh4 Nh7 26. Qh5 Nf6 27. Qg5
Nh7 28. Qd5 Nxh4 29. gxh4 Qf2 30. Ne2 Qxh4 31. Qd2 a4 32. bxa4 bxa4 33. Nd4 Nf6
34. Nf3 Qh6 35. Ng5 Rb8 36. Rc7 Be6 37. Bd4 Re7 38. Rxe7 Bxe7 39. Be3 Ng4+ 40.
Kg1 Nxe3 41. Rxe3 Bxg5 42. fxg5 Qxg5 43. Qf2 Rb3 44. Rf3 Qe5 45. Qh4 g6 46. Rf1
Rxa3 47. Rd1 Ra1 48. Rxa1 Qxa1+ 49. Kf2 Qd4+ 50. Kf3 a3 0-1

[Event "International chess holiday K11"]
[Site "?"]
[Date "2017.07.20"]
[Round "7"]
[White "Klima, Matej"]
[Black "Mejzr, Jan"]
[Result "1/2-1/2"]
[ECO "A03"]
[WhiteElo "1874"]
[BlackElo "1901"]
[Annotator "Koller,Martin"]
[PlyCount "66"]
[TimeControl "240+2"]

{279MB} 1. f4 Nf6 2. Nf3 d5 3. e3 Bg4 4. h3 Bf5 5. d3 h5 6. Nh4 e6 7. Nxf5 exf5
8. Be2 Bc5 9. O-O c6 10. Nc3 b5 11. Bf3 a6 12. a4 b4 13. Ne2 Qb6 14. d4 Bd6 15.
Bd2 a5 16. Nc1 Ne4 17. Be1 h4 18. Nd3 f6 19. Bh5+ Ke7 20. Bg6 Nd7 21. Bxf5 Rag8
22. Bxd7 Kxd7 23. Qg4+ Ke7 24. Bxh4 c5 25. Ne5 Bxe5 26. dxe5 c4 27. Rae1 c3 28.
b3 Nd2 29. Rf2 Ne4 30. Rfe2 g5 31. fxg5 fxg5 32. Bg3 Qh6 33. Rf1 Qe6 1/2-1/2

[Event "International chess holiday K11"]
[Site "?"]
[Date "2017.07.20"]
[Round "7"]
[White "Rull, Michael"]
[Black "Schafer, Martin"]
[Result "1-0"]
[ECO "A80"]
[WhiteElo "1805"]
[BlackElo "2001"]
[Annotator "Koller,Martin"]
[PlyCount "49"]
[TimeControl "240+2"]

{279MB} 1. d4 f5 2. Bg5 h6 3. Bh4 g5 4. e4 Bg7 5. Bg3 f4 6. h4 fxg3 7. Qh5+ Kf8
8. Qf3+ Nf6 9. e5 gxf2+ 10. Qxf2 e6 11. hxg5 hxg5 12. Rxh8+ Bxh8 13. Nh3 Ke7
14. Nxg5 Qg8 15. exf6+ Bxf6 16. Ne4 Qg7 17. Nbc3 d5 18. Nxf6 Qxf6 19. Qe3 c5
20. Nxd5+ Kf7 21. Nxf6 Kxf6 22. O-O-O Bd7 23. Qf3+ Kg5 24. Qxb7 Bc6 25. Qg7+
1-0

[Event "International chess holiday K11"]
[Site "?"]
[Date "2017.07.20"]
[Round "7"]
[White "Pokorny, Jan"]
[Black "Hibberd, Nigel"]
[Result "1-0"]
[ECO "A38"]
[WhiteElo "1835"]
[BlackElo "1866"]
[Annotator "Koller,Martin"]
[PlyCount "36"]
[TimeControl "240+2"]

{279MB} 1. c4 c5 2. Nf3 Nc6 3. g3 g6 4. Bg2 Bg7 5. O-O Nf6 6. Nc3 O-O 7. d3 e5
8. Bg5 h6 9. Bd2 d5 10. cxd5 Nxd5 11. Nxd5 Qxd5 12. Qc1 Kh7 13. Ng5+ hxg5 14.
Bxd5 Nd4 15. Re1 f6 16. e3 Nf5 17. Qxc5 Rd8 18. Be4 neèitelné 1-0

[Event "International chess holiday K11"]
[Site "?"]
[Date "2017.07.20"]
[Round "7"]
[White "Schubert, Gerhard"]
[Black "Riedl, Maximilian"]
[Result "0-1"]
[ECO "A13"]
[WhiteElo "2011"]
[BlackElo "1988"]
[Annotator "Koller,Martin"]
[PlyCount "74"]
[TimeControl "240+2"]

{279MB} 1. Nf3 c5 2. b3 Nf6 3. Bb2 d5 4. e3 e6 5. d4 Nc6 6. c4 cxd4 7. Nxd4
Bb4+ 8. Nc3 Ne4 9. Nxc6 bxc6 10. Rc1 Qa5 11. Qc2 Qxa2 12. Bd3 Bxc3+ 13. Bxc3
Qxc2 14. Rxc2 Nxc3 15. Rxc3 O-O 16. Ke2 a5 17. Ra1 Bd7 18. cxd5 exd5 19. Rc5 a4
20. bxa4 Rfb8 21. Ra2 f5 22. a5 Kf7 23. Bc2 Ke6 24. Ba4 Kd6 25. Rac2 Rc8 26.
Kd2 Ra6 27. R2c3 Rca8 28. Kd3 Rb8 29. Kc2 g6 30. Kd3 Rb4 31. Bc2 Rb5 32. Rxb5
cxb5 33. Kd4 Rxa5 34. Bb3 Bc6 35. Rc5 Ra1 36. Rc2 b4 37. h4 Rd1+ 0-1

[Event "International chess holiday M11"]
[Site "?"]
[Date "2017.07.20"]
[Round "8"]
[White "Doring, Robert"]
[Black "Chavannes, Ivar"]
[Result "1-0"]
[ECO "B22"]
[WhiteElo "2131"]
[BlackElo "2139"]
[Annotator "Koller,Martin"]
[PlyCount "103"]
[TimeControl "240+2"]

{279MB} 1. e4 c5 2. c3 d5 3. exd5 Qxd5 4. d4 Nf6 5. Nf3 Bg4 6. Be2 e6 7. O-O
cxd4 8. cxd4 Nc6 9. Nc3 Qd8 10. Be3 Bb4 11. h3 Bh5 12. Qb3 O-O 13. Rfd1 Qe7 14.
g4 Bg6 15. Bg5 Bxc3 16. bxc3 h6 17. Bh4 Be4 18. Ne5 g5 19. Bg3 Nxe5 20. Bxe5
Nd5 21. f3 Bg6 22. c4 Nf4 23. Bf1 f6 24. Bxf4 gxf4 25. Bd3 f5 26. Rd2 Rad8 27.
Qb2 Qf6 28. d5 fxg4 29. Bxg6 Qxg6 30. hxg4 exd5 31. cxd5 Rfe8 32. Qd4 Qg5 33.
d6 Re3 34. Kg2 Qe5 35. Qxe5 Rxe5 36. Rc1 Re6 37. d7 Rc6 38. Rxc6 bxc6 39. Rd6
Kg7 40. Kf2 c5 41. Ke2 Kf7 42. Rxh6 Ke7 43. Rh7+ Kd6 44. Kd3 Kd5 45. Rh5+ Kc6
46. Kc4 Rxd7 47. Rxc5+ Kb6 48. Rb5+ Kc6 49. Rf5 Rd2 50. Rf6+ Kc7 51. a4 Rc2+
52. Kb3 1-0

[Event "International chess holiday M11"]
[Site "?"]
[Date "2017.07.20"]
[Round "8"]
[White "Tripolsky, Eugen"]
[Black "Lakovic, Igor"]
[Result "1-0"]
[ECO "A18"]
[WhiteElo "2304"]
[BlackElo "2023"]
[Annotator "Koller,Martin"]
[PlyCount "79"]
[TimeControl "240+2"]

{279MB} 1. c4 Nf6 2. Nc3 e6 3. e4 d5 4. e5 d4 5. exf6 dxc3 6. bxc3 Qxf6 7. Nf3
Nd7 8. d4 h6 9. Bd3 c5 10. O-O Bd6 11. Qe2 g5 12. Re1 O-O 13. Ne5 Qg7 14. f4
Nxe5 15. fxe5 Be7 16. Qe4 f6 17. exf6 Bxf6 18. Be3 Bd7 19. Rad1 Kh8 20. Qxb7
cxd4 21. cxd4 Bxd4 22. Bc2 e5 23. Bxd4 exd4 24. Qd5 Rfe8 25. Re4 Rxe4 26. Qxa8+
Re8 27. Qxa7 Re2 28. Qa8+ Be8 29. Ba4 Qe5 30. Qxe8+ Qxe8 31. Bxe8 Rxe8 32. Rxd4
Ra8 33. Rd2 Ra3 34. Rc2 Ra6 35. Kf2 Kg7 36. Ke3 Kf6 37. Kd4 Ke6 38. Kc5 Ra8 39.
Kb6 Rb8+ 40. Kc7 1-0

[Event "International chess holiday M11"]
[Site "?"]
[Date "2017.07.20"]
[Round "8"]
[White "Chudinowskikh, Alexander"]
[Black "Schafer, Sven"]
[Result "1-0"]
[ECO "B52"]
[WhiteElo "2238"]
[BlackElo "1996"]
[Annotator "Koller,Martin"]
[PlyCount "64"]
[TimeControl "240+2"]

{279MB} 1. e4 c5 2. Nf3 d6 3. Bb5+ Bd7 4. Bxd7+ Qxd7 5. c4 Nc6 6. d4 cxd4 7.
Nxd4 Nf6 8. Nc3 g6 9. h3 Bg7 10. Be3 O-O 11. O-O Nxd4 12. Bxd4 Qc6 13. Qd3 Rfe8
14. Rac1 a6 15. b3 Nd7 16. Bxg7 Kxg7 17. Nd5 Kg8 18. f4 e6 19. Nc3 Nc5 20. Qe3
Rad8 21. e5 a5 22. Rcd1 Re7 23. f5 exf5 24. Nd5 Re6 25. Rxf5 Kg7 26. Rdf1 Rf8
27. Nf6 Nd7 28. Qg5 Rxe5 29. Nh5+ Kh8 30. Qh6 Rg8 31. Rxf7 Qc5+ 32. Kh2 Nf8 1-0

[Event "International chess holiday M11"]
[Site "?"]
[Date "2017.07.20"]
[Round "8"]
[White "Vetrovsky, Michal"]
[Black "Arndt, Stefan"]
[Result "0-1"]
[ECO "D02"]
[WhiteElo "2100"]
[BlackElo "2226"]
[Annotator "Koller,Martin"]
[PlyCount "60"]
[TimeControl "240+2"]

{279MB} 1. d4 Nf6 2. Bf4 d5 3. e3 c5 4. c3 Nc6 5. Nf3 e6 6. Nbd2 cxd4 7. exd4
Nh5 8. Bg5 f6 9. Be3 Bd6 10. g3 O-O 11. Nh4 g6 12. Bg2 f5 13. Bh6 Re8 14. O-O
Bf4 15. Bxf4 Nxf4 16. Ndf3 Nxg2 17. Kxg2 Rf8 18. Qe2 f4 19. Ne5 Nxe5 20. Qxe5
Rf5 21. Qe2 e5 22. dxe5 Be6 23. Kg1 Qg5 24. Nf3 Qh5 25. Nd4 f3 26. Qd3 Qh3 27.
Nxf3 Rh5 28. Rfd1 Rf8 29. Rac1 Rhf5 30. Nd4 Rxf2 0-1

[Event "International chess holiday M11"]
[Site "?"]
[Date "2017.07.20"]
[Round "8"]
[White "Simecek, Bohumil"]
[Black "Stein, Robert"]
[Result "1/2-1/2"]
[ECO "D02"]
[WhiteElo "2105"]
[BlackElo "2203"]
[Annotator "Koller,Martin"]
[PlyCount "37"]
[TimeControl "240+2"]

{279MB} 1. d4 Nf6 2. Bf4 d5 3. e3 c5 4. c3 Nc6 5. Nf3 e6 6. Nbd2 Bd6 7. Bg3 O-O
8. Bb5 Ne7 9. Bd3 cxd4 10. exd4 Nf5 11. Bxd6 Nxd6 12. O-O b6 13. Re1 Bb7 14.
Ne5 Nde4 15. Re3 Qe7 16. Rh3 Ng5 17. Rg3 Nge4 18. Rh3 Ng5 19. Rg3 1/2-1/2

[Event "International chess holiday K11"]
[Site "?"]
[Date "2017.07.20"]
[Round "8"]
[White "Hibberd, Nigel"]
[Black "Schubert, Gerhard"]
[Result "1/2-1/2"]
[ECO "C41"]
[WhiteElo "1866"]
[BlackElo "2011"]
[Annotator "Koller,Martin"]
[PlyCount "31"]
[TimeControl "240+2"]

{279MB} 1. Nf3 d6 2. d4 Nd7 3. e4 e5 4. c3 g6 5. Bc4 Nb6 6. Bb3 Qe7 7. O-O Bg7
8. Ng5 Nh6 9. f4 Be6 10. Nxe6 fxe6 11. fxe5 dxe5 12. Be3 O-O-O 13. Na3 Kb8 14.
Nc2 Qh4 15. Bxh6 Bxh6 16. Qe2 1/2-1/2

[Event "International chess holiday K11"]
[Site "?"]
[Date "2017.07.20"]
[Round "8"]
[White "Hadzala, Daniel"]
[Black "Pokorny, Jan"]
[Result "1-0"]
[ECO "E76"]
[WhiteElo "2107"]
[BlackElo "1835"]
[Annotator "Koller,Martin"]
[PlyCount "77"]
[TimeControl "240+2"]

{279MB} 1. d4 Nf6 2. c4 g6 3. Nc3 Bg7 4. e4 d6 5. f4 Bg4 6. Nf3 O-O 7. Be2 Nbd7
8. O-O c6 9. Be3 a6 10. e5 Ne8 11. h3 Bxf3 12. Bxf3 e6 13. Qd2 d5 14. b3 Kh8
15. Qe2 a5 16. g4 Nc7 17. Bg2 f6 18. exf6 Qxf6 19. Rad1 Rae8 20. Kh2 Qe7 21.
Rfe1 Qf6 22. Qd2 b6 23. Ne2 Qe7 24. Nc1 Qa3 25. Nd3 Rf7 26. Ne5 Nxe5 27. dxe5
c5 28. Qc2 dxc4 29. bxc4 b5 30. Rd3 Qb4 31. Rb1 Qxc4 32. Rc3 Qa4 33. Qxa4 bxa4
34. Rxc5 Bf8 35. Rxa5 a3 36. Ra7 Rg7 37. Rbb7 Nd5 38. Bxd5 exd5 39. Rxg7 1-0

[Event "International chess holiday K11"]
[Site "?"]
[Date "2017.07.20"]
[Round "8"]
[White "Mejzr, Jan"]
[Black "Schafer, Martin"]
[Result "1-0"]
[ECO "B32"]
[WhiteElo "1901"]
[BlackElo "2001"]
[Annotator "Koller,Martin"]
[PlyCount "77"]
[TimeControl "240+2"]

{279MB} 1. e4 c5 2. Nf3 Nc6 3. d4 cxd4 4. Nxd4 e5 5. Nb5 d6 6. N1c3 a6 7. Na3
b5 8. Nd5 Nge7 9. c3 Nxd5 10. exd5 Ne7 11. g3 g6 12. Bg2 Bg7 13. Nc2 f5 14. f4
e4 15. Be3 O-O 16. Bd4 Bh6 17. Ne3 Bb7 18. O-O Rf7 19. g4 Nxd5 20. Nxd5 Bxd5
21. g5 Bf8 22. h4 Bc4 23. Re1 d5 24. Kf2 Qc7 25. Qd2 Bc5 26. Kg3 Bxd4 27. Qxd4
Rd8 28. h5 Rg7 29. h6 Rf7 30. b3 Bd3 31. Re3 Rfd7 32. a4 Qa7 33. Rxd3 exd3 34.
Bxd5+ Kf8 35. Qh8+ Ke7 36. Re1+ Kd6 37. Qe5+ Kc5 38. b4+ Kb6 39. a5# 1-0

[Event "International chess holiday K11"]
[Site "?"]
[Date "2017.07.20"]
[Round "8"]
[White "Riedl, Maximilian"]
[Black "Rull, Michal"]
[Result "0-1"]
[ECO "B31"]
[WhiteElo "1988"]
[BlackElo "1805"]
[Annotator "Koller,Martin"]
[PlyCount "60"]
[TimeControl "240+2"]

{279MB} 1. e4 c5 2. Nf3 Nc6 3. Bb5 g6 4. O-O Bg7 5. Re1 d6 6. c4 Bd7 7. Nc3 Nf6
8. d3 O-O 9. h3 Kh8 10. Ba4 Ne8 11. Bxc6 bxc6 12. Bd2 Qc8 13. Kh2 f6 14. Ng1 f5
15. f4 e5 16. Qc1 exf4 17. Nf3 Be5 18. Ne2 fxe4 19. dxe4 Qd8 20. Nxe5 dxe5 21.
Qc3 Qg5 22. Qf3 Nf6 23. Bc3 h5 24. Rh1 Kg7 25. Rad1 Rad8 26. Rxd7+ Rxd7 27. Rf1
Ng4+ 28. Kg1 Ne3 29. h4 Qxh4 30. Rc1 Rfd8 0-1

[Event "International chess holiday K11"]
[Site "?"]
[Date "2017.07.20"]
[Round "8"]
[White "Klima, Matej"]
[Black "Vesely, Jaromir"]
[Result "1-0"]
[ECO "B20"]
[WhiteElo "1874"]
[BlackElo "2059"]
[Annotator "Koller,Martin"]
[PlyCount "68"]
[TimeControl "240+2"]

{279MB} 1. e4 e6 2. d3 c5 3. g3 Nc6 4. Bg2 d6 5. f4 g6 6. Nf3 Bg7 7. O-O Nge7
8. c3 O-O 9. Be3 b6 10. Na3 d5 11. e5 Nf5 12. Bf2 h5 13. Nc2 Ba6 14. Re1 Rc8
15. d4 cxd4 16. Ncxd4 Ncxd4 17. Nxd4 Nxd4 18. Bxd4 Qd7 19. a4 Rc7 20. a5 b5 21.
b4 Rfc8 22. Qd2 Bb7 23. Bxa7 Rxc3 24. Bc5 Rc4 25. a6 Ba8 26. Bf1 Qc6 27. Qg2
Rxc5 28. bxc5 Bf8 29. h3 Bxc5+ 30. Kh2 Qb6 31. Bd3 Bd4 32. Rac1 Bc3 33. g4 hxg4
34. Re2 d4 neèitelné 1-0

[Event "International chess holiday M11"]
[Site "?"]
[Date "2017.07.21"]
[Round "9"]
[White "Lakovic, Igor"]
[Black "Vetrovsky, Michal"]
[Result "1/2-1/2"]
[ECO "D94"]
[WhiteElo "2023"]
[BlackElo "2100"]
[Annotator "Koller,Martin"]
[PlyCount "80"]
[TimeControl "240+2"]

{279MB} 1. d4 d5 2. c4 c6 3. Nf3 Nf6 4. e3 g6 5. Nc3 Bg7 6. h3 O-O 7. Bd3 a6 8.
a4 a5 9. O-O e6 10. e4 dxe4 11. Nxe4 Nxe4 12. Bxe4 Nd7 13. Qe2 Qc7 14. Rd1 b6
15. Bg5 Bb7 16. Rac1 Rfe8 17. Bh4 Nf6 18. Bg3 Qc8 19. Bb1 c5 20. Be5 Qc6 21. b3
Rad8 22. Qe3 cxd4 23. Rxd4 Rxd4 24. Qxd4 Nh5 25. Bxg7 Nxg7 26. Rd1 e5 27. Qh4
Ne6 28. Re1 Nc5 29. Bc2 Kg7 30. Qg3 f6 31. h4 Qe6 32. Nd4 Qd7 33. Nf5+ Kh8 34.
Rd1 Qc7 35. Nd6 Rg8 36. Nb5 Qe7 37. Nd6 Bc6 38. Qe3 Kg7 39. Qg3 Kh8 40. Qe3 Kg7
1/2-1/2

[Event "International chess holiday M11"]
[Site "?"]
[Date "2017.07.21"]
[Round "9"]
[White "Schafer, Sven"]
[Black "Simecek, Bohumil"]
[Result "1-0"]
[ECO "C06"]
[WhiteElo "1996"]
[BlackElo "2105"]
[Annotator "Koller,Martin"]
[PlyCount "69"]
[TimeControl "240+2"]

{279MB} 1. e4 e6 2. d4 d5 3. Nd2 Nf6 4. e5 Nfd7 5. Bd3 b6 6. Ne2 Ba6 7. Bxa6
Nxa6 8. O-O c5 9. c3 Nc7 10. f4 g6 11. Nf3 h5 12. Be3 c4 13. b3 b5 14. Nd2 Nb6
15. b4 Na4 16. Qc2 Qd7 17. Ng3 O-O-O 18. Nh1 Ne8 19. Nf2 Ng7 20. Nf3 Nf5 21.
Bd2 Be7 22. Nh3 Kb7 23. Rae1 Kc6 24. Nfg5 Bf8 25. Nf2 Bg7 26. Nd1 Ra8 27. Nb2
Nxb2 28. Qxb2 Bh6 29. Nf3 a5 30. Rb1 Kb6 31. a4 axb4 32. Qxb4 Ra5 33. axb5 Rxb5
34. Qc5+ Ka6 35. Rxb5 1-0

[Event "International chess holiday M11"]
[Site "?"]
[Date "2017.07.21"]
[Round "9"]
[White "Chavannes, Ivar"]
[Black "Chudinowskikh, Alexander"]
[Result "1/2-1/2"]
[ECO "D58"]
[WhiteElo "2139"]
[BlackElo "2238"]
[Annotator "Koller,Martin"]
[PlyCount "70"]
[TimeControl "240+2"]

{279MB} 1. d4 Nf6 2. Nf3 e6 3. c4 d5 4. Nc3 Be7 5. Bg5 O-O 6. e3 b6 7. Rc1 h6
8. Bh4 Bb7 9. Bd3 dxc4 10. Bxc4 c5 11. O-O cxd4 12. Nxd4 Nc6 13. Nxc6 Bxc6 14.
Qe2 Nd5 15. Bxe7 Qxe7 16. Nxd5 Bxd5 17. Bxd5 exd5 18. Rcd1 Rad8 19. Rd4 Rd6 20.
Rfd1 Rc8 21. Qd3 Qe5 22. g3 Qh5 23. Rxd5 Rxd5 24. Qxd5 Qxd5 25. Rxd5 Rc2 26.
Rb5 Kf8 27. a4 Ke7 28. b4 Kd6 29. a5 Kc6 30. Rf5 f6 31. axb6 axb6 32. Rf4 Kb5
33. Rg4 g5 34. Re4 Rc4 35. Re6 Rc6 1/2-1/2

[Event "International chess holiday M11"]
[Site "?"]
[Date "2017.07.21"]
[Round "9"]
[White "Arndt, Stefan"]
[Black "Doring, Robert"]
[Result "1/2-1/2"]
[ECO "C56"]
[WhiteElo "2226"]
[BlackElo "2131"]
[Annotator "Koller,Martin"]
[PlyCount "28"]
[TimeControl "240+2"]

{279MB} 1. e4 e5 2. Nf3 Nc6 3. Bc4 Nf6 4. d4 exd4 5. e5 d5 6. Bb5 Ne4 7. Nxd4
Bd7 8. Bxc6 bxc6 9. Be3 c5 10. Nb3 d4 11. Bf4 Ng5 12. O-O Bc6 13. c4 Ne6 14.
Bg3 h5 1/2-1/2

[Event "International chess holiday M11"]
[Site "?"]
[Date "2017.07.21"]
[Round "9"]
[White "Stein, Robert"]
[Black "Tripolsky, Eugen"]
[Result "1/2-1/2"]
[ECO "E63"]
[WhiteElo "2203"]
[BlackElo "2304"]
[Annotator "Koller,Martin"]
[PlyCount "39"]
[TimeControl "240+2"]

{279MB} 1. d4 Nf6 2. c4 g6 3. Nf3 Bg7 4. g3 O-O 5. Bg2 d6 6. O-O a6 7. Nc3 Nc6
8. Qd3 b5 9. cxb5 Nb4 10. Qd1 axb5 11. Nxb5 Rxa2 12. Rxa2 Nxa2 13. Bd2 Bd7 14.
Nc3 Nxc3 15. bxc3 Ne4 16. Qc1 Nxd2 17. Qxd2 Qc8 18. Ra1 c5 19. Ra7 cxd4 20.
cxd4 1/2-1/2

[Event "International chess holiday K11"]
[Site "?"]
[Date "2017.07.21"]
[Round "9"]
[White "Vesely, Jaromir"]
[Black "Mejzr, Jan"]
[Result "1-0"]
[ECO "A83"]
[WhiteElo "2059"]
[BlackElo "1901"]
[Annotator "Koller,Martin"]
[PlyCount "56"]
[TimeControl "240+2"]

{279MB} 1. d4 f5 2. e4 fxe4 3. Nc3 Nf6 4. Bg5 g6 5. Bc4 Bg7 6. Qe2 c6 7. O-O-O
d5 8. Bb3 Bg4 9. f3 exf3 10. Nxf3 O-O 11. Rhe1 Rf7 12. Rd3 Nbd7 13. Re3 Kf8 14.
h3 Bxf3 15. Rxf3 b5 16. Nxd5 cxd5 17. Bxd5 Rb8 18. Qe6 Qe8 19. Qxf7+ Qxf7 20.
Bxf7 Kxf7 21. g4 h6 22. Bf4 g5 23. Bxb8 Nxb8 24. Rb3 Nc6 25. Rxb5 Nxd4 26. Rb7
Bf8 27. Rxa7 Kg6 28. a4 Nd5 1-0